 Dungeon Crawl Stone Soup version 0.31-a0-188-g5e087ee2ca (webtiles) character file.

Game seed: 16229664907716166050

406 qw the Skirmisher (level 6, -3/35 HPs)
             Began as a Deep Elf Hunter on June 22, 2023.
             Succumbed to a water moccasin's poison
             ... on level 4 of the Dungeon.
             The game lasted 00:01:11 (2996 turns).

qw the Skirmisher (Deep Elf Hunter)                 Turns: 2996, Time: 00:01:11

Health: -3/35      AC: 14    Str: 10    XL:     6   Next: 56%
Magic:  8/8        EV:  9    Int: 14    God:
Gold:   374        SH:  0    Dex: 18    Spells: 5/5 levels left

rFire   + . .        Y - +1 shortbow
rCold   . . .        (shield currently unavailable)
rNeg    . . .        e - +4 scale mail {rF+}
rPois   .            d - +2 helmet
rElec   .            f - +0 cloak
rCorr   .            (no gloves)
SInv    .            (no boots)
Will    .....        (no amulet)
Stlth   +            (no ring)
HPRegen 0.25/turn    (no ring)
MPRegen 0.11/turn

%: no passive effects
@: lethally poisoned (-3 -> -17)
A: no striking features
a: no special abilities


You were on level 4 of the Dungeon.
You visited 1 branch of the dungeon, and saw 5 of its levels.

You collected 374 gold pieces.


   Skills:
 - Level 2.0 Fighting
 + Level 10.0 Ranged Weapons
 - Level 1.1 Armour
 - Level 2.4 Dodging
 - Level 1.2 Stealth


You had 5 spell levels left.
You didn't know any spells.
Your spell library was empty.

Inventory:

Hand Weapons
 Y - a +1 shortbow (weapon)
Armour
 d - a +2 helmet (worn)
 e - a +4 scale mail of fire resistance (worn)
 f - a +0 cloak (worn)
Scrolls
 c - a scroll of identify
Potions
 g - a potion of might {unknown}
 i - a potion of curing

Dungeon Overview and Level Annotations

Branches:
Dungeon (5/15)
 Temple: D:4-7

Altars:
Cheibriados
Hepliaklqana
Kikubaaqudgha
Nemelex Xobeh
Qazlal
Vehumet
Zin


Message History

The water moccasin barely misses you.
Your Ranged Weapons skill increases to level 10!
You shoot an arrow. The arrow hits the water moccasin.
The water moccasin is lightly wounded.
The water moccasin bites you.
You are poisoned.
The water moccasin poisons you! The water moccasin barely misses you.
You shoot an arrow.
The arrow barely misses the water moccasin.
You feel very sick. The water moccasin bites you. x2
You are more poisoned.
The water moccasin poisons you!
2990 ||| STAIRDANCE You feel very sick.
The water moccasin completely misses you.
You climb upwards.
You feel very sick.
There is a stone staircase leading down here.
You shoot an arrow. The arrow hits the water moccasin.
The water moccasin is moderately wounded.
You feel sick.
The water moccasin bites you but does no damage. x2
You shoot an arrow.
The arrow barely misses the water moccasin.
You feel very sick.
The water moccasin bites you but does no damage.
You shoot an arrow. The arrow hits the water moccasin.
The water moccasin is moderately wounded.
You feel sick. The water moccasin bites you.
You are lethally poisoned!
The water moccasin poisons you!
The water moccasin bites you but does no damage.
You shoot an arrow. The arrow hits the water moccasin.
The water moccasin is heavily wounded.
You feel very sick.
The water moccasin bites you but does no damage. x2
You shoot an arrow. The arrow hits the water moccasin!
The water moccasin is almost dead.
You die...

##'## ###^###
#######)### #.....#
#.........# #.....#
#.#####.#.### #.....#
####.#:........#
#.....#
.............#.#
#.....#
####.#.#.....#.#
####.##
#.#.###.#.#.#######.#
#.#.........S@......#
#.........###########
###########


You could see a water moccasin.

Vanquished Creatures
  Menkaure (D:4)
  A scorpion (D:4)
  A jelly (D:5)
  An orc priest (D:4)
  Terence (D:2)
  Robin (D:4)
  5 adders
  A worm (D:2)
  4 orcs (D:4)
  7 endoplasms
  6 giant cockroaches
  12 goblins
  12 hobgoblins
  7 kobolds
  4 quokkas
  4 ball pythons
  4 bats
  3 frilled lizards
  2 rats (D:1)
77 creatures vanquished.

Notes
Turn   | Place    | Note
-------+----------+-------------------------------------------
     0 | D:1      | qw the Deep Elf Hunter began the quest for the Orb.
     0 | D:1      | Reached XP level 1. HP: 12/12 MP: 3/3
     0 | D:1      | 0 ||| qw: Version: 0.3-a-9-g12657ce
     0 | D:1      | 0 ||| qw: Game counter: 2997
     0 | D:1      | 0 ||| qw: Always use a shield: true
     0 | D:1      | 0 ||| qw: God list: Okawaru
     0 | D:1      | 0 ||| qw: Allow faded altars: false
     0 | D:1      | 0 ||| qw: Do Orc after D:15 true
     0 | D:1      | 0 ||| qw: Do second Lair branch before Depths: true
     0 | D:1      | 0 ||| qw: Lair rune preference: random
     0 | D:1      | 0 ||| qw: Plans: Normal
     0 | D:1      | 0 ||| PLANNING D:1-11
    46 | D:1      | Noticed a great orb of eyes
    48 | D:1      | Found a faded altar of an unknown god.
    50 | D:1      | Noticed a shining eye
    50 | D:1      | Noticed an eye of devastation
    50 | D:1      | Noticed a shining eye
    96 | D:1      | Reached XP level 2. HP: 16/16 MP: 4/4
   116 | D:1      | Reached skill level 6 in Ranged Weapons
   891 | D:1      | 891 ||| UPGRADING to +0 cloak.
   896 | D:1      | 896 ||| READING scroll labelled PIEL KEAMOALAHUM.
   897 | D:1      | 897 ||| READING scroll labelled GUEFRI IXZAA.
   898 | D:1      | 898 ||| READING scroll labelled JAXKIA CODIQ.
   899 | D:1      | 899 ||| DROPPING scroll of butterflies.
   965 | D:2      | Reached XP level 3. HP: 15/20 MP: 5/5
  1111 | D:2      | Reached skill level 7 in Ranged Weapons
  1116 | D:2      | HP: 5/20 [poisoned by an adder]
  1340 | D:2      | Noticed Terence
  1357 | D:2      | Killed Terence
  1358 | D:2      | Reached XP level 4. HP: 12/25 MP: 6/6
  1507 | D:2      | 1507 ||| UPGRADING to +0 ring mail.
  1517 | D:2      | 1517 ||| DROPPING +0 leather armour.
  1518 | D:2      | 1518 ||| UPGRADING to +4 scale mail of fire resistance.
  1528 | D:2      | 1528 ||| DROPPING +0 ring mail.
  1529 | D:2      | 1529 ||| READING scroll labelled JUADUL WONU.
  1530 | D:2      | 1530 ||| READING scroll labelled ISAR COFYVVAOW.
  1575 | D:3      | Found a glowing silver altar of Zin.
  1770 | D:3      | Found a radiant altar of Vehumet.
  1771 | D:3      | Found an ancient bone altar of Kikubaaqudgha.
  1772 | D:3      | Found a sparkling altar of Nemelex Xobeh.
  1772 | D:3      | Found a hazy altar of Hepliaklqana.
  1775 | D:3      | Found a stormy altar of Qazlal.
  1930 | D:3      | 1930 ||| UPGRADING to +2 helmet.
  1935 | D:3      | 1935 ||| READING scroll labelled ODUKHL CA TUDA.
  1946 | D:4      | 1946 ||| PLANNING SEWER
  1960 | D:4      | Noticed a scorpion
  1968 | D:4      | Killed a scorpion
  1969 | D:4      | Reached skill level 8 in Ranged Weapons
  1969 | D:4      | Reached XP level 5. HP: 22/29 MP: 7/7
  2073 | D:4      | Reached skill level 1 in Armour
  2246 | D:4      | Noticed Menkaure
  2253 | D:4      | HP: 6/29 [Menkaure/nerve-wracking pain (10)]
  2255 | D:4      | Killed Menkaure
  2256 | D:4      | Reached skill level 9 in Ranged Weapons
  2256 | D:4      | Reached XP level 6. HP: 3/34 MP: 8/8
  2454 | D:4      | Noticed Robin
  2473 | D:4      | Killed Robin
  2474 | D:4      | 2474 ||| FLEEEEING.
  2475 | D:4      | 2475 ||| FLEEEEING.
  2476 | D:4      | 2476 ||| FLEEEEING.
  2477 | D:4      | 2477 ||| FLEEEEING.
  2478 | D:4      | 2478 ||| FLEEEEING.
  2479 | D:4      | 2479 ||| FLEEEEING.
  2480 | D:4      | 2480 ||| FLEEEEING.
  2481 | D:4      | 2481 ||| FLEEEEING.
  2482 | D:4      | 2482 ||| FLEEEEING.
  2483 | D:4      | 2483 ||| FLEEEEING.
  2484 | D:4      | 2484 ||| FLEEEEING.
  2485 | D:4      | 2485 ||| FLEEEEING.
  2486 | D:4      | 2486 ||| FLEEEEING.
  2487 | D:4      | 2487 ||| FLEEEEING.
  2488 | D:4      | 2488 ||| FLEEEEING.
  2489 | D:4      | 2489 ||| FLEEEEING.
  2490 | D:4      | 2490 ||| FLEEEEING.
  2491 | D:4      | 2491 ||| FLEEEEING.
  2492 | D:4      | 2492 ||| FLEEEEING.
  2493 | D:4      | 2493 ||| FLEEEEING.
  2494 | D:4      | 2494 ||| FLEEEEING.
  2495 | D:4      | 2495 ||| FLEEEEING.
  2496 | D:4      | 2496 ||| FLEEEEING.
  2497 | D:4      | 2497 ||| FLEEEEING.
  2498 | D:4      | 2498 ||| FLEEEEING.
  2499 | D:4      | 2499 ||| FLEEEEING.
  2500 | D:4      | 2500 ||| FLEEEEING.
  2501 | D:4      | 2501 ||| STAIRDANCE
  2515 | D:3      | 2515 ||| DRINKING 2 black potions.
  2543 | D:4      | 2543 ||| RIP SEWER
  2545 | D:4      | 2545 ||| PLANNING D:1-11
  2958 | D:4      | Found a snail-covered altar of Cheibriados.
  2960 | D:4      | 2960 ||| READING scroll labelled MAG AR SYEW.
  2961 | D:4      | 2961 ||| READING 2 scrolls of identify.
  2961 | D:4      | 2961 ||| IDENTIFYING viscous clear potion
  2962 | D:4      | 2962 ||| DROPPING potion of lignification.
  2982 | D:5      | Entered Level 5 of the Dungeon
  2984 | D:5      | Noticed a water moccasin
  2988 | D:5      | Reached skill level 10 in Ranged Weapons
  2990 | D:5      | 2990 ||| STAIRDANCE
  2993 | D:4      | HP: 8/35 [poisoned by a water moccasin]
  2995 | D:4      | HP: 1/35 [poisoned by a water moccasin]
  2996 | D:4      | Succumbed to a water moccasin's poison

Levels and vault maps discovered:
D:1:      dpeg_arrival_prison, layout_basic,
          hellmonk_ecumenical_altar_watching_god, minmay_pentomino_p2
D:2:      layout_rooms, uniq_terence
D:3:      layout_rooms, lemuel_doored_altar, grunt_temple_overflow_open,
          grunt_ministairs_6, minmay_gold_behind_fungi
D:4:      layout_loops_corners, kennysheep_mini, gup_sewer_entry_glass,
          uniq_menkaure, uniq_robin
D:5:      layout_basic, minmay_temple_entry_antechambers

Skill      XL: |  1  2  3  4  5  6 |
---------------+-------------------+-----
Ranged Weapons | 6 7 8 9 10 | 10.0
Armour         | 1 |  1.1
Fighting       | 2 |  2.0
Dodging        | |  2.4
Stealth        | |  1.2

Action                     |  1- 3 |  4- 6 || total
---------------------------+-------+-------++-------
   Fire: Shortbow          |   102 |   146 ||   248
    Use: Scroll            |     3 |     5 ||     8
         Potion            |       |     1 ||     1
 Armour: Leather armour    |    19 |       ||    19
         Scale mail        |       |    52 ||    52
  Dodge: Dodged            |    34 |    27 ||    61

Table legend:
 A = Non-vault XP
 B = Vault XP
 C = Vault XP percentage of total XP
 D = Non-vault monster count
 E = Vault monster count
 F = Vault count percentage of total count
                 A         B        C        D         E       F
            +---------+---------+-------+---------+---------+-------
      Total |     323 |     257 |  44.3 |      56 |      21 |  27.3
            +---------+---------+-------+---------+---------+-------
        D:1 |      22 |       7 |  24.1 |      13 |       4 |  23.5
        D:2 |      58 |      36 |  38.3 |      12 |       1 |   7.7
        D:3 |      19 |       4 |  17.4 |      11 |       2 |  15.4
        D:4 |     179 |     210 |  54.0 |      19 |      14 |  42.4
        D:5 |      45 |       0 |   0.0 |       1 |       0 |   0.0
            +---------+---------+-------+---------+---------+-------
